 Dungeon Crawl Stone Soup version 0.29.1-13-g9f3cf754e1 (webtiles) character file.

Game seed: 894152547721376422

101 hbarley the Trooper (level 4, 0/41 HPs)
             Began as a Hill Orc Fighter on Jan 31, 2023.
             Slain by an orc
             ... wielding a +0 mace
              (3 damage)
             ... on level 3 of the Dungeon.
             The game lasted 00:04:07 (2450 turns).

hbarley the Trooper (Hill Orc Fighter)              Turns: 2450, Time: 00:04:09

Health: 0/41       AC:  7    Str: 18    XL:     4   Next: 75%
Magic:  0/4        EV:  9    Int:  8    God:
Gold:   59         SH:  0    Dex: 12    Spells: 3/3 levels left

rFire   . . .      SeeInvis .   a - +0 war axe
rCold   . . .      Faith    .   c - +0 buckler
rNeg    . . .      Spirit   +   b - +0 scale mail
rPois   .          Reflect  .   (no helmet)
rElec   .          Harm     .   (no cloak)
rCorr   .          Rampage  .   (no gloves)
Will    .....                   (no boots)
Stlth   ..........              h - amulet of guardian spirit
HPRegen 0.13/turn               (no ring)
MPRegen 0.09/turn               (no ring)

@: confused
A: no striking features
a: no special abilities


You were on level 3 of the Dungeon.
You visited 1 branch of the dungeon, and saw 3 of its levels.

You collected 59 gold pieces.

Inventory:

Hand Weapons
 a - a +0 war axe (weapon)
Armour
 b - a +0 scale mail (worn)
 c - a +0 buckler (worn)
Jewellery
 h - an amulet of guardian spirit (around neck)
Scrolls
 e - 3 scrolls of brand weapon {unknown}
 f - 4 scrolls of identify {unknown}
 j - a scroll of magic mapping {unknown}
Potions
 d - a potion of might
 g - a potion of flight {unknown}
 i - a potion of haste {unknown}
 k - a potion of resistance {unknown}
 l - a potion of heal wounds {unknown}
 m - 2 potions of lignification {unknown}
 n - a potion of ambrosia {unknown}


   Skills:
 + Level 4.3 Fighting
 + Level 4.3 Axes
 + Level 4.0 Armour
 + Level 0.3 Dodging
 + Level 0.1 Stealth
 + Level 3.7 Shields


You had 3 spell levels left.
You didn't know any spells.
Your spell library contained the following spells:

 Spells                   Type           Power      Damage    Failure   Level
 Foxfire                  Conj/Fire      0%         2x1d4     87%         1
 Magic Dart               Conj           0%         1d3       87%         1
 Searing Ray              Conj           0%         2d4       95%         2
 Conjure Flame            Conj/Fire      0%         6-21      99%         3
 Inner Flame              Hex/Fire       0%         N/A       99%         3
 Flame Wave               Conj/Fire      0%         2d4       100%        4
 Fulminant Prism          Conj/Hex       0%         3d6       100%        4


Dungeon Overview and Level Annotations

Branches:
Dungeon (3/15)

Altars:
Cheibriados

Shops:
D:3 (


Message History

Something hits you but does no damage.
You completely miss something.
You hear some strange, mumbled words.
Something tries to affect you, but you resist.
You hit something. Something hits you.
You slash something! Something hits you.
You hear some strange, mumbled words.
A puff of flame appears from out of thin air!
The puff of flame hits you.
You completely miss something.
You hear some strange, mumbled words.
A puff of flame appears from out of thin air!
The puff of flame hits you.
You miss something. Something hits you but does no damage.
You closely miss something. Something hits you but does no damage.
You hear some strange, mumbled words.
A puff of flame appears from out of thin air!
The puff of flame hits you!
You miss something. Something hits you but does no damage.
You barely miss something. Something hits you but does no damage.
You miss something.
You hear some strange, mumbled words.
A magic dart appears from out of thin air!
The magic dart hits you!
* * * LOW HITPOINT WARNING * * *
Something hits you.
* * * LOW HITPOINT WARNING * * *
You closely miss something.
You hear some strange, mumbled words.
You are confused.
You bump into the rock wall.
You bump into the rock wall.
Something hits you but does no damage. The orc hits you but does no damage.
You're too confused to move!
You hear some strange, mumbled words.
A magic dart appears from out of thin air!
The magic dart hits you.
* * * LOW HITPOINT WARNING * * *
The orc hits you with a +0 mace.
You die...

... #.# ### ########.# ..
#####........# .# #
#.......###..###.#S###. #
#.###.#.###..........o. #
####.##.....##)####.#.#.#o
####........#..##o# >..
.....##.###.....@{# ###o.
#######........#### ..# #
########.# .# # #.# # #
######### #.# #
#........##.. #
#......#.###. #
#............ #......#..#


You could see an orc.

Vanquished Creatures
  Jessica (D:2)
  An orc wizard (D:3)
  A dart slug (D:1)
  2 orcs (D:3)
  4 endoplasms
  A giant cockroach (D:1)
  2 goblins
  5 hobgoblins
  6 jackals (D:1)
  A kobold (D:2)
  A quokka (D:1)
  6 ball pythons
  5 bats
  2 frilled lizards
  3 rats (D:2)
  A bush (D:1)
42 creatures vanquished.

Vanquished Creatures (others)
  A plant (D:1)
1 creature vanquished.

Grand Total: 43 creatures vanquished

Notes
Turn   | Place    | Note
-------+----------+-------------------------------------------
     0 | D:1      | hbarley the Hill Orc Fighter began the quest for the Orb.
     0 | D:1      | Reached XP level 1. HP: 19/19 MP: 1/1
   305 | D:1      | Reached XP level 2. HP: 20/27 MP: 2/2
   901 | D:1      | Reached XP level 3. HP: 33/33 MP: 3/3
  1754 | D:2      | Noticed Jessica
  1758 | D:2      | Killed Jessica
  1759 | D:2      | Reached XP level 4. HP: 22/40 MP: 2/4
  1894 | D:2      | Found a snail-covered altar of Cheibriados.
  2345 | D:3      | Found Mauf's Weapon Shop.
  2450 | D:3      | Slain by an orc

Illustrated notes

Levels and vault maps discovered:
D:1:      dpeg_arrival_rooms_c, layout_basic, serial_forest,
          infiniplex_forest_end_2, infiniplex_forest_end_2,
          infiniplex_forest_clump_double, infiniplex_forest_clump_C,
          infiniplex_forest_diagonal, infiniplex_forest_side_room,
          infiniplex_forest_clump_double, infiniplex_forest_clump_small
D:2:      layout_basic, basic_altar, roderic_serpentine_path, uniq_jessica
D:3:      layout_loops_cross, serial_shops, shop_fountains,
          shapermc_ecumenical_altar_mp_vishouse

Skill      XL: |  1  2  3  4 |
---------------+-------------+-----
Fighting       | 4 |  4.3
Axes           | 3 4 |  4.3
Armour         | 4 |  4.0
Dodging        | |  0.3
Stealth        | |  0.1
Shields        | |  3.7

Action                   |  1- 3 |  4- 6 || total
-------------------------+-------+-------++-------
Melee: War axe           |   134 |    30 ||   164
Armor: Scale mail        |    65 |    14 ||    79
Dodge: Dodged            |    59 |    12 ||    71
Block: Buckler           |    26 |     5 ||    31
